 Dungeon Crawl Stone Soup version 0.29.1-2-gbd0b4ee654 (webtiles) character file.

Game seed: 12435117980815695933

55 warriortoast the Sneak (level 3, -5/16 HPs)
             Began as a Spriggan Enchanter on Nov 18, 2022.
             Slain by a worm (11 damage)
             ... on level 2 of the Dungeon.
             The game lasted 00:03:36 (2391 turns).

warriortoast the Sneak (Spriggan Enchanter)         Turns: 2391, Time: 00:03:37

Health: -5/16      AC:  2    Str:  6    XL:     3   Next: 67%
Magic:  4/8        EV: 18    Int: 16    God:
Gold:   62         SH:  0    Dex: 15    Spells: 0/8 levels left

rFire   . . .      SeeInvis +   a - +1 dagger
rCold   . . .      Faith    .   (no shield)
rNeg    . . .      Spirit   .   b - +0 robe
rPois   .          Reflect  .   (helmet restricted)
rElec   .          Harm     .   (no cloak)
rCorr   .          Rampage  .   (gloves unavailable)
Will    .....                   (boots unavailable)
Stlth   +++.......              (no amulet)
HPRegen 0.05/turn               (no ring)
MPRegen 0.11/turn               (no ring)

@: very quick
A: very small, no large weapons, unfitting armour, see invisible, speed 3
a: no special abilities


You were on level 2 of the Dungeon.
You visited 1 branch of the dungeon, and saw 2 of its levels.

You collected 62 gold pieces.

Inventory:

Hand Weapons
 a - a +1 dagger (weapon)
Armour
 b - a +0 robe (worn)
Jewellery
 l - a ring of protection from fire
Scrolls
 d - 3 scrolls of identify {unknown}
 e - a scroll of enchant weapon {unknown}
 f - a scroll of amnesia {unknown}
 i - a scroll of fear {unknown}
Potions
 c - 2 potions of invisibility
 g - 2 potions of curing {unknown}
 h - a potion of brilliance {unknown}
 j - a potion of might {unknown}
 k - 2 potions of mutation {unknown}


   Skills:
 + Level 1.9 Short Blades
 + Level 3.4 Dodging
 + Level 5.1 Stealth
 + Level 3.3 Spellcasting
 + Level 4.1 Hexes


You couldn't memorise any spells.
You knew the following spells:

 Your Spells              Type           Power      Damage    Failure   Level
a - Ensorcelled Hibernat  Hex/Ice        18%        N/A       12%         2
b - Confusing Touch       Hex            15%        N/A       10%         3
c - Tukima's Dance        Hex            15%        N/A       10%         3

Your spell library contained the following spells:

 Spells                   Type           Power      Damage    Failure   Level
 Dazzling Flash           Conj/Hex       18%        N/A       24%         3
 Summon Mana Viper        Hex/Summ       9%         N/A       91%         5
 Summon Forest            Summ/Tloc      1%         N/A       99%         5
 Summon Cactus Giant      Summ           1%         N/A       100%        6


Dungeon Overview and Level Annotations

Branches:
Dungeon (2/15)

Altars:


Innate Abilities, Weirdness & Mutations

You are very small and have problems with some larger weapons.
You are too small for most types of armour.
You have supernaturally acute eyesight. (SInv)
You cover ground extremely quickly. (Speed+++)


Message History

You kill the endoplasm!
You hit the giant cockroach but do no damage.
The giant cockroach barely misses you.
You hit the giant cockroach but do no damage.
The giant cockroach bites you but does no damage.
You hit the giant cockroach but do no damage.
The giant cockroach bites you.
You hit the giant cockroach.
The giant cockroach is heavily wounded.
The giant cockroach bites you.
You hit the giant cockroach.
You kill the giant cockroach!
No target in view!
You now have 62 gold pieces (gained 2).
A worm comes into view.
A worm is nearby!
You hit the worm.
The worm is lightly wounded.
The worm closely misses you.
You hit the worm.
The worm is moderately wounded.
The worm bites you!
Ouch! That really hurt!
You are too injured to fight recklessly!
You are too injured to fight recklessly!
Casting: Ensorcelled Hibernation (safe; 12% risk of failure)
Confirm with . or Enter, or press ? or * to list all spells.
Aiming: Ensorcelled Hibernation (safe; 12% risk of failure)
Press: ? - help, Shift-Dir - straight line, f - worm
Aim: a worm (moderately wounded, chance to affect: 51%)
The worm resists with some effort.
A giant cockroach comes into view.
Casting: Ensorcelled Hibernation (safe; 12% risk of failure)
Confirm with . or Enter, or press ? or * to list all spells.
Aiming: Ensorcelled Hibernation (safe; 12% risk of failure)
Press: ? - help, Shift-Dir - straight line, f/p - worm
Aim: a worm (moderately wounded, chance to affect: 51%)
The worm resists with some effort.
The worm bites you!
Ouch! That really hurt!
You die...

#.#..# #..# #.#. #.#..#
#..####.#. #....#
#......... #####....#
#....)....
##........#####..###..⌠.
#..###...........###....
#............###........
#.#.########....###....#
# #....@wB.#..#.######.#
########.#..#.........
#.##.####.###
#.........# #
#..######.### #..# #....
#..# ####. #######..# #.
.......†.#########.


You could see a worm and a giant cockroach.

Vanquished Creatures
  An adder (D:2)
  A worm (D:2)
  3 dart slugs
  3 bats
  5 endoplasms
  2 giant cockroaches (D:2)
  2 goblins
  2 hobgoblins (D:2)
  2 jackals (D:1)
  A quokka (D:2)
  3 ball pythons
  3 frilled lizards
  6 kobolds
  2 rats
36 creatures vanquished.

Notes
Turn   | Place    | Note
-------+----------+-------------------------------------------
     0 | D:1      | warriortoast the Spriggan Enchanter began the quest for the
                  | Orb.
     0 | D:1      | Reached XP level 1. HP: 9/9 MP: 5/5
   388 | D:1      | Reached XP level 2. HP: 12/13 MP: 6/6
   391 | D:1      | Learned a level 2 spell: Ensorcelled Hibernation
  1412 | D:1      | Found a faded altar of an unknown god.
  1864 | D:2      | Reached XP level 3. HP: 16/16 MP: 3/8
  2180 | D:2      | Reached skill level 5 in Stealth
  2195 | D:2      | Learned a level 3 spell: Confusing Touch
  2199 | D:2      | Learned a level 3 spell: Tukima's Dance
  2391 | D:2      | Slain by a worm

Illustrated notes

Levels and vault maps discovered:
D:1:      minmay_arrival_widening_spiral_wide, layout_basic,
          hellmonk_ecumenical_altar_run_dry
D:2:      layout_loops_ring, minivault_27, solitary_fountain

Skill      XL: |  1  2  3 |
---------------+----------+-----
Dodging        | 3 |  3.4
Spellcasting   | 3 |  3.3
Hexes          | 4 |  4.1
Stealth        | 5 |  5.1
Short Blades   | |  1.9

Action                   || total
-------------------------++-------
Melee: Dagger            ||    99
       Punch             ||     1
 Cast: Ensorcelled Hiber ||    28
 Stab: Sleeping          ||    20
Armor: Robe              ||     9
Dodge: Dodged            ||    72
